 Dungeon Crawl Stone Soup version 0.24-a0-279-ga7546fe674 (webtiles) character file.

Game seed: 14702008233451059601

24 HAL9000 the Sneak (level 3, 0/18 HPs)
             Began as a Vine Stalker Assassin on May 1, 2019.
             Killed by divine providence
             ... invoked by an orc priest
              (11 damage)
             ... on level 2 of the Dungeon.
             The game lasted 00:00:48 (1052 turns).

HAL9000 the Sneak (Vine Stalker Assassin)           Turns: 1052, Time: 00:00:53

Health: 0/18       AC:  3    Str: 14    XL:     3   Next: 2%
Magic:  0/4        EV: 11    Int: 11    God:
Gold:   59         SH:  0    Dex: 15    Spells: 2/2 levels left

rFire    . . .     SeeInvis .   a - +2 dagger
rCold    . . .     Gourm    .   (no shield)
rNeg     . . .     Faith    .   c - +0 robe
rPois    .         Spirit   +   (no helmet)
rElec    .         Reflect  .   d - +0 cloak
rCorr    .         Harm     .   (no gloves)
MR       .....                  (no boots)
Stlth    +++.......             (no amulet)
HPRegen  0.06/turn              (no ring)
MPRegen  0.09/turn              (no ring)

@: no status effects
A: fangs 2, magic shield, antimagic bite, no potion heal 3, rot immunity
a: no special abilities


You were on level 2 of the Dungeon.
You were not hungry.

You visited 1 branch of the dungeon, and saw 2 of its levels.

You collected 59 gold pieces.

Inventory:

Hand Weapons
 a - a +2 dagger (weapon)
 b - a +0 blowgun
Missiles
 e - 29 poisoned needles
 f - 2 curare-tipped needles
Armour
 c - a +0 robe (worn)
 d - a +0 cloak (worn)
Scrolls
 h - 2 scrolls of identify {unknown}
 i - a scroll of remove curse {unknown}
 l - a scroll of teleportation {unknown}
Potions
 k - 2 potions of heal wounds {unknown}
Comestibles
 g - 3 rations
 j - 3 chunks of flesh


   Skills:
 - Level 1.7 Fighting
 + Level 2.0 Short Blades
 - Level 1.7 Throwing
 - Level 0.7 Dodging
 + Level 5.9 Stealth


You had 2 spell levels left.
You didn't know any spells.
Your spell library was empty.

Dungeon Overview and Level Annotations

Branches:
Dungeon (2/15)

Altars:


Innate Abilities, Weirdness & Mutations

You have extremely sharp teeth.
When hurt, damage is shared between your health and your magic reserves.
Your bite disrupts and absorbs the magic of your enemies.
Potions cannot restore your health.
You are immune to rotting.


Message History

You see here a hobgoblin skeleton.
Things that are here:
a +0 club; a hobgoblin corpse
There is a stone staircase leading up, spattered with blood here.
You start resting.
Magic restored.
l - a scroll labeled GIEKHE MIRRYR An orc comes into view.
The orc shouts!
An orc comes into view. It is wielding a +0 trident.
An adder comes into view.
An orc priest comes into view. It is wielding a +0 trident.
The orc hits you.
You barely miss the orc.
The orc priest shouts!
The orc shouts!
Your bite misses the orc.
The orc priest invokes the aid of Beogh against you.
Beogh smites you!
Ouch! That really hurt!
You die...

## .## ###..#####
####......... .
#@.........# .#
.S.o..o.###.##.#.#####..
.o..##### #.##......#...
.. #..#.........#
#####...........#
............<.#...
....####....)รท.... ...
.............. #
...##..........


You could see an orc priest, an adder (wandering) and 2 orcs.

Vanquished Creatures
  2 leopard geckos (D:1)
  4 bats
  A giant cockroach (D:2)
  A goblin (D:1)
  6 hobgoblins
  2 frilled lizards (D:1)
  5 rats (D:1)
21 creatures vanquished.

Notes
Turn   | Place    | Note
-------+----------+-------------------------------------------
     0 | D:1      | HAL9000 the Vine Stalker Assassin began the quest for the
                  | Orb.
     0 | D:1      | Reached XP level 1. HP: 11/11 MP: 2/2
    51 | D:1      | Reached skill level 5 in Stealth
   362 | D:1      | Reached XP level 2. HP: 12/15 MP: 3/3
  1017 | D:2      | Reached XP level 3. HP: 11/18 MP: 2/4
  1052 | D:2      | Killed from afar by an orc priest

Levels and vault maps discovered:
D:1:      minmay_arrival_plants_in_alcoves, layout_basic, st_stairs_1
D:2:      layout_rooms, chequers_ecumenical_altar_simple, uniq_robin

Skill      XL: |  1  2 |
---------------+-------+-----
Stealth        | 5 |  5.9
Short Blades   | 2 |  2.0
Fighting       | |  1.7
Throwing       | |  1.7
Dodging        | |  0.7

Action                   || total
-------------------------++-------
Melee: Dagger            ||    50
       Bite              ||     8
 Stab: Sleeping          ||     5
Armor: Robe              ||    11
Dodge: Dodged            ||    23

Table legend:
 A = Non-vault XP
 B = Vault XP
 C = Vault XP percentage of total XP
 D = Non-vault monster count
 E = Vault monster count
 F = Vault count percentage of total count
                 A         B        C        D         E       F
            +---------+---------+-------+---------+---------+-------
      Total |      31 |       4 |  11.4 |      18 |       3 |  14.3
            +---------+---------+-------+---------+---------+-------
        D:1 |      24 |       4 |  14.3 |      14 |       3 |  17.6
        D:2 |       7 |       0 |   0.0 |       4 |       0 |   0.0
            +---------+---------+-------+---------+---------+-------
